 Dungeon Sprint DCSS version 0.31-a0-940-gdaa99269f9 (webtiles) character file.

Game seed: 11602404382658579837

603 dialectric the Basher (level 7, -4/64 HPs)
             Began as a Minotaur Gladiator on Oct 20, 2023.
             Was an Initiate of Trog.
             Succumbed to Sonja's poison
             ... while paralysed by Sonja
             ... in the Dungeon (Sprint I: "Red Sonja").
             The game lasted 00:01:44 (292 turns).

dialectric the Basher (Minotaur Gladiator)           Turns: 292, Time: 00:01:44

Health: -4/64      AC:  3    Str: 18    XL:     7   Next: 18%
Magic:  6/6        EV:  2    Int:  5    God:    Trog [......]
Gold:   432        SH:  0    Dex: 14    Spells: 6/6 levels left

rFire   . . .        a - +0 flail
rCold   . . .        (no shield)
rNeg    . . .        b - +0 leather armour
rPois   .            c - +0 hat
rElec   .            (no cloak)
rCorr   .            (no gloves)
SInv    .            (no boots)
Will    .....        (no amulet)
Stlth   +            (no ring)
HPRegen 0.30/turn    (no ring)
MPRegen 0.10/turn

%: no teleportation
@: paralysed, lethally poisoned (-4 -> -56), slowed
A: horns 2, retaliatory headbutt
a: Renounce Religion


You were in the Dungeon.
You worshipped Trog.
Trog was noncommittal.
You visited 1 branch You collected 432 gold pieces.

Inventory:

Hand Weapons
 a - a +0 flail (weapon)
Missiles
 e - a javelin
Armour
 b - a +0 leather armour (worn)
 c - a +0 hat (worn)
Wands
 l - a wand of flame (2)
Scrolls
 k - a scroll of blinking
 m - a scroll of fear {unknown}
Potions
 g - a potion of heal wounds
 h - a potion of haste
 i - 2 potions of magic


   Skills:
 + Level 6.5 Fighting
 + Level 12.2 Maces & Flails
 - Level 3.6 Throwing
 * Level 6.9 Armour
 + Level 10.1 Dodging


You had 6 spell levels left.
You didn't know any spells.
Your spell library was empty.

Dungeon Overview and Level Annotations

Branches:
Dungeon (1/1)

Altars:
Cheibriados
Dithmenos
Elyvilon
Fedhas
Gozag
Hepliaklqana
Kikubaaqudgha
Makhleb
Nemelex Xobeh
Okawaru
Qazlal
Ru
Sif Muna
Trog
Uskayaw
Vehumet
Wu Jian
Xom
Yredelemnul
Zin
The Shining One
Jiyva
Lugonu

Shops:
D [

Annotations:
D Sonja


Innate Abilities, Weirdness & Mutations

You have a pair of horns on your head.
You reflexively headbutt those who attack you in melee.


Message History

You resist with some effort.
Unknown command.
Aiming: Throw Flame
Press: ? - help, Shift-Dir - straight line, f/p - Sonja
Aim: Sonja, wielding a +2 short sword of venom, quivering curare-tipped darts and carrying a wand of paralysis (severely wounded, 25% to hit)
The puff of flame misses Sonja.
You feel very sick.
Sonja zaps a wand.
You resist with some effort.
Sonja throws a curare-tipped dart.
The curare-tipped dart hits you.
You are more poisoned.
You have difficulty breathing.
You feel as though you will be slow longer.
Unknown command.
You feel better.
Sonja casts a spell.
Sonja blinks!
Aiming: Throw Flame
Press: ? - help, Shift-Dir - straight line, f/p - Sonja
Aim: Sonja, wielding a +2 short sword of venom, quivering curare-tipped darts and carrying a wand of paralysis (severely wounded, 25% to hit)
The puff of flame hits Sonja.
Sonja is almost dead.
Sonja zaps a wand.
You suddenly lose the ability to move!
Sonja hits you with a +2 short sword of venom!
You are poisoned.
Sonja hits you but does no damage.
You are more poisoned.
Sonja hits you with a +2 short sword of venom.
You are lethally poisoned!
* * * LOW HITPOINT WARNING * * *
You feel extremely sick.
Sonja hits you with a +2 short sword of venom.
* * * LOW HITPOINT WARNING * * *
You are more poisoned.
Sonja hits you with a +2 short sword of venom.
* * * LOW HITPOINT WARNING * * *
You are more poisoned.
Sonja hits you with a +2 short sword of venom.
* * * LOW HITPOINT WARNING * * *
You are more poisoned.
You die...

######################
#<.#..').#.)'..#__#..+
#..').#..'..#..'..'..#
#..#####'#####'#__####
#..####..#...#.####
#..#__####..##.#
#..#_____##'#_.+
#⌠⌠#_.∩...'†.._#
####_..__##_@#'#
#_____###K#.# #######
#.### $.$ $.$# ##.##
#+#


You could see Sonja.

Vanquished Creatures
  Sigmund (D)
  A slime creature (D)
  A yak (D)
  An ogre (D)
  A jelly (D)
  Ijyb (D)
6 creatures vanquished.

Notes
Turn   | Place    | Note
-------+----------+-------------------------------------------
     0 | D        | dialectric the Minotaur Gladiator began the quest for the
                  | Orb.
     0 | D        | Reached XP level 1. HP: 18/18 MP: 0/0
     2 | D        | Noticed Ijyb
     8 | D        | Killed Ijyb
     9 | D        | Reached skill level 5 in Maces & Flails
     9 | D        | Reached skill level 5 in Dodging
     9 | D        | Reached XP level 2. HP: 21/26 MP: 1/1
    15 | D        | Noticed an ogre
    21 | D        | Killed an ogre
    22 | D        | Reached skill level 7 in Maces & Flails
    22 | D        | Reached XP level 3. HP: 14/33 MP: 2/2
    22 | D        | Reached XP level 4. HP: 17/40 MP: 3/3
   120 | D        | Noticed Sigmund
   125 | D        | Killed Sigmund
   126 | D        | Reached skill level 5 in Fighting
   126 | D        | Reached skill level 10 in Maces & Flails
   126 | D        | Reached XP level 5. HP: 48/48 MP: 4/4
   126 | D        | Reached XP level 6. HP: 56/56 MP: 5/5
   138 | D        | Found a shimmering blue altar of Sif Muna.
   139 | D        | Found an ornate altar of the Wu Jian Council.
   140 | D        | Found a radiant altar of Vehumet.
   152 | D        | Found Iprelas's Armour Emporium.
   152 | D        | Found an ancient bone altar of Kikubaaqudgha.
   152 | D        | Found a hazy altar of Hepliaklqana.
   152 | D        | Found a stormy altar of Qazlal.
   152 | D        | Found a hide-covered altar of Uskayaw.
   152 | D        | Found a blossoming altar of Fedhas.
   152 | D        | Found a bloodstained altar of Trog.
   152 | D        | Found an iron altar of Okawaru.
   152 | D        | Found a basalt altar of Yredelemnul.
   152 | D        | Found a glowing golden altar of the Shining One.
   152 | D        | Found a snail-covered altar of Cheibriados.
   152 | D        | Found a sacrificial altar of Ru.
   152 | D        | Found a glowing silver altar of Zin.
   152 | D        | Found a shadowy altar of Dithmenos.
   152 | D        | Found a white marble altar of Elyvilon.
   152 | D        | Noticed a yak
   158 | D        | Killed a yak
   159 | D        | Reached skill level 11 in Maces & Flails
   159 | D        | Found an opulent altar of Gozag.
   160 | D        | Found a sparkling altar of Nemelex Xobeh.
   164 | D        | Became a worshipper of Trog the Wrathful
   224 | D        | Found a burning altar of Makhleb.
   224 | D        | Found a viscous altar of Jiyva.
   224 | D        | Found a shimmering altar of Xom.
   224 | D        | Found a corrupted altar of Lugonu.
   224 | D        | Noticed a slime creature
   234 | D        | Killed a slime creature
   235 | D        | Reached skill level 12 in Maces & Flails
   235 | D        | Reached skill level 10 in Dodging
   235 | D        | Reached XP level 7. HP: 63/64 MP: 6/6
   261 | D        | Noticed Sonja
   284 | D        | Paralysed by Sonja for 3 turns
   290 | D        | Paralysed by Sonja for 4 turns
   292 | D        | Succumbed to Sonja's poison

Illustrated notes

Levels and vault maps discovered:
D:        dungeon_sprint_1 [red_sonja_temple_1, red_sonja_temple_small_1]

Skill      XL: |  1  2  3  4  5  6 |
---------------+-------------------+-----
Fighting       | 3 4 5 6 |  6.5
Maces & Flails | 5 7 10 12 | 12.2
Dodging        | 5 6 8 10 | 10.1
Throwing       | 3 |  3.6
Armour         | 4 6 |  6.9

Action                     |  1- 3 |  4- 6 |  7- 9 || total
---------------------------+-------+-------+-------++-------
  Melee: Flail             |     8 |    20 |     2 ||    30
         Headbutt          |     3 |     5 |       ||     8
  Throw: Throwing net      |     3 |     2 |       ||     5
  Evoke: Wand              |       |       |     9 ||     9
    Use: Potion            |       |     1 |     1 ||     2
   Stab: Held in net/web   |       |     1 |       ||     1
 Armour: Leather armour    |     2 |     6 |     7 ||    15
  Dodge: Dodged            |       |     8 |     3 ||    11

Table legend: (Time is in decaauts)
 A = Elapsed time spent in this place.
 B = Non-inter-level travel time spent in this place.
 C = Inter-level travel time spent in this place.
 D = Time resting spent in this place.
 E = Time spent auto-exploring this place.
 F = Levels seen in this place.
 G = Mean time per level.
                   A        B        C        D        E       F      G
               +--------+--------+--------+--------+--------+-----+--------+
         Total |    305 |    305 |      0 |    122 |      0 |   1 |  305.0 |
       Dungeon |    305 |    305 |      0 |    122 |      0 |   1 |  305.0 |
               +--------+--------+--------+--------+--------+-----+--------+

Top non-repeatable levels by time:
       D: 305 daAuts
